 Dungeon Crawl Stone Soup version 0.30-b1-2-g02819fbbbe (webtiles) character file.

Game seed: 17986372114923879716

162 sanka the Slasher (level 5, -3/40 HPs)
             Began as a Djinni Fighter on May 15, 2023.
             Slain by a kobold brigand
             ... wielding a +0 short sword
              (6 damage)
             ... in a sewer.
             The game lasted 00:03:46 (2123 turns).

sanka the Slasher (Djinni Fighter)                  Turns: 2123, Time: 00:03:47

Health: -3/40      AC:  6    Str: 13 (15) XL:     5   Next: 71%
Gold:   112        EV:  5    Int: 11 (12) God:
                   SH:  0    Dex:  9 (12)

rFire   + + .        a - +0 long sword
rCold   x . .        e - orb {light}
rNeg    . . .        b - +0 scale mail
rPois   ∞            (no helmet)
rElec   .            (no cloak)
rCorr   .            (no gloves)
SInv    .            (boots unavailable)
Will    .....        (no amulet) Stlth
                     (no ring)
HPRegen 0.26/turn    (no ring)
MPRegen 0.00/turn

%: infuse magic (-4 HP)
@: flying, hasted, glowing, constricted, very quick
A: sickness immunity, fire resistance 2, cold vulnerability 1, float, innate
caster, HP casting, extra vitality 1
a: no special abilities


You were in a sewer.
You visited 1 branch of the dungeon, and saw 3 of its levels.
You also visited: Sewer.

You collected 112 gold pieces.

Inventory:

Hand Weapons
 a - a +0 long sword (weapon)
Missiles
 o - a throwing net {=f}
Armour
 b - a +0 scale mail (worn)
 c - a +0 buckler
 e - an orb of light (worn)
Jewellery
 i - an amulet of faith
Scrolls
 h - a scroll of fear {unknown}
 j - 5 scrolls of identify {unknown}
 k - 2 scrolls of teleportation {unknown}
 m - 3 scrolls of enchant armour {unknown}
 r - a scroll of fog {unknown}
 t - a scroll of magic mapping {unknown}
Potions
 d - a potion of might
 g - a potion of flight
 n - a potion of lignification {unknown}
 p - a potion of curing {unknown}
 q - a potion of attraction {unknown}
 s - a potion of brilliance {unknown}


   Skills:
 - Level 3.0 Fighting
 + Level 5.0 Long Blades
 - Level 3.0 Armour
 - Level 3.0 Shields


You knew the following spells:

 Your Spells              Type           Power      Damage    Failure   Level
a - Necrotise             Necr           0%         1d4       85%         1
b - Wereblood             Tmut           0%         N/A       94%         2
Your spell library was empty.

Dungeon Overview and Level Annotations

Branches:
Dungeon (3/15)              Sewer (1/1)

Altars:
Gozag


Innate Abilities, Weirdness & Mutations

You are immune to sickness and miasma.
You are immune to poison.
Your flesh is very heat resistant. (rF++)
You are vulnerable to cold. (rC-)
You float through the air rather than walking.
You learn spells naturally, not from books.
Your magical power is your life essence.
You have superior vitality. (+4 MHP)


Message History

The kobold is heavily wounded.
The kobold hits you but does no damage.
You hit the kobold.
The kobold is severely wounded.
The ball python bites you.
* * * LOW HITPOINT WARNING * * *
The ball python grabs you. The ball python constricts you.
You closely miss the ball python. The ball python bites you.
* * * LOW HITPOINT WARNING * * *
The ball python constricts you.
The kobold splashes around in the water.
Unknown command.
It was a potion of flight.
You feel more buoyant. The ball python completely misses you.
The ball python constricts you.
The kobold brigand hits you with a +0 short sword.
* * * LOW HITPOINT WARNING * * *
The kobold barely misses you.
Unknown command.
Okay, then.
You completely miss the ball python.
The ball python bites you but does no damage.
The ball python constricts you.
The kobold brigand hits you but does no damage.
The ball python bites you but does no damage.
The ball python constricts you.
* * * LOW HITPOINT WARNING * * *
The kobold barely misses you.
Unknown command.
It was a potion of degeneration.
There was something very wrong with that liquid.
You feel weakened.
You feel dopey.
You feel clumsy.
The ball python bites you but does no damage.
The ball python constricts you.
The kobold brigand splashes around in the water.
The kobold hits you but does no damage.
It was a potion of haste.
You feel yourself speed up. The ball python barely misses you.
The ball python constricts you.
The kobold brigand hits you with a +0 short sword.
You die...

#.....#
...~P#~≈~#.....#
...~~#~~~#.....#
....~#~≈~#.....##
....P~~≈~#......#
.~~~~≈~#......#
~~~≈~#......#
#~≈~#S)....#
#~~~#@K....#
#~≈~#PK...##
#~≈~~~~...##
#~≈))~~....#
#~≈~#~...###
#~≈~#..P.#
#~)~##''##
#~≈~#.!..#
#~≈)#..).#


You could see a kobold brigand, a ball python and a kobold.

Vanquished Creatures
  An orc priest (D:3)
  5 gnolls (D:2)
  An adder (D:2)
  2 dart slugs (D:1)
  2 orcs (D:3)
  4 bats (D:1)
  3 endoplasms
  A giant cockroach (D:3)
  6 goblins
  7 hobgoblins
  10 jackals
  3 quokkas
  4 ball pythons
  A frilled lizard (D:2)
  10 kobolds
  6 rats
66 creatures vanquished.

Notes
Turn   | Place    | Note
-------+----------+-------------------------------------------
     0 | D:1      | sanka the Djinni Fighter began the quest for the Orb.
     0 | D:1      | Reached XP level 1. HP: 20/20 MP: 0/0
    49 | D:1      | Reached skill level 2 in Long Blades
    89 | D:1      | Reached XP level 2. HP: 22/25 MP: 0/0
   394 | D:1      | Reached skill level 3 in Long Blades
   394 | D:1      | Reached XP level 3. HP: 29/30 MP: 0/0
   394 | D:1      | Learned a level 1 spell: Necrotise
   782 | D:2      | Found a faded altar of an unknown god.
   918 | D:2      | Reached XP level 4. HP: 13/35 MP: 0/0
  1081 | D:2      | Reached skill level 4 in Long Blades
  1165 | D:2      | Found an opulent altar of Gozag.
  1644 | D:2      | Reached XP level 5. HP: 4/40 MP: 0/0
  1644 | D:2      | Learned a level 2 spell: Wereblood
  1990 | D:3      | Found a glowing drain.
  2031 | Sewer    | Entered a sewer
  2049 | Sewer    | Noticed a kobold brigand
  2079 | Sewer    | Reached skill level 5 in Long Blades
  2121 | Sewer    | HP: 2/40 [constriction (1)]
  2123 | Sewer    | Slain by a kobold brigand

Illustrated notes

Levels and vault maps discovered:
D:1:      nzn_arrival_crosshair, layout_loops_ring, reono_crystal_passage
D:2:      layout_basic, basic_altar, chequers_ecumenical_altar_simple_redux,
          grunt_decor_one_mirror, serial_bayou_pond_d
D:3:      layout_loops_ring, portal_sewer_entry_b
Sewer:    kennysheep_pipe_town

Skill      XL: |  1  2  3  4  5 |
---------------+----------------+-----
Long Blades    | 2 3 4 5 |  5.0
Fighting       | |  3.0
Armour         | |  3.0
Shields        | |  3.0

Action                     |  1- 3 |  4- 6 || total
---------------------------+-------+-------++-------
  Melee: Long sword        |    84 |   110 ||   194
    Use: Potion            |       |     3 ||     3
 Armour: Scale mail        |    47 |    60 ||   107
  Dodge: Dodged            |    44 |    45 ||    89
